2431 views
Uploaded 2021-09-18 09:08:42
Game version 1.32.10
16:22 long 4on4 ladder game on (8)NerubianPassage
Saved by lowlyworm
2431 views
Uploaded 2021-09-18 09:08:42
Game version 1.32.10
16:22 long 4on4 ladder game on (8)NerubianPassage


144 units @ 15.6k
/ 1.8k
68 buildings @ 11.4k
/ 4.9k



| Rod of Necromancy | 5 | 750 |
| Sacrificial Skull | 1 | 50 |
| Ritual Dagger | 1 | 125 |
| Potion of Healing | 1 | 150 |
| Potion of Mana | 1 | 200 |
| Orb of Corruption | 1 | 375 |
| Scroll of Town Portal | 3 | 1050 |
| total: | 13 | 2700g |
| Acolyte | 7 | 525 | / | 0 |
| Ghoul | 2 | 240 | / | 0 |
| Crypt Fiend | 6 | 1290 | / | 240 |
| Obsidian Statue | 2 | 400 | / | 70 |
| Frost Wyrm | 2 | 770 | / | 240 |
| total: | 19 | 3225g | / | 550w |
| Nerubian Tower | 3 | 300 | / | 60 |
| Crypt | 1 | 200 | / | 50 |
| Graveyard | 1 | 215 | / | 0 |
| Altar of Darkness | 1 | 180 | / | 50 |
| Ziggurat | 7 | 1050 | / | 350 |
| Tomb of Relics | 1 | 130 | / | 30 |
| Necropolis | 1 | 225 | / | 0 |
| Slaughterhouse | 2 | 280 | / | 270 |
| Boneyard | 2 | 350 | / | 400 |
| Halls of the Dead | 1 | 320 | / | 210 |
| Black Citadel | 2 | 650 | / | 460 |
| total: | 16 | 2630g | / | 1150w |
| 0:01 | Acolyte |
| 0:01 | Acolyte |
| 0:08 | Crypt |
| 0:18 | Graveyard |
| 0:41 | Altar of Darkness |
| 0:58 | Ziggurat |
| 1:10 | Ghoul |
| 1:25 | Tomb of Relics |
| 1:49 | Ghoul |
| 2:05 | Crypt Fiend |
| 2:14 | Ziggurat |
| 2:48 | Rod of Necromancy |
| 2:48 | Rod of Necromancy |
| 2:56 | Death Coil |
| 3:10 | Crypt Fiend |
| 3:29 | Crypt Fiend |
| 3:40 | Acolyte |
| 4:01 | Sacrificial Skull |
| 4:01 | Rod of Necromancy |
| 4:16 | Crypt Fiend |
| 4:42 | Unholy Aura |
| 4:52 | Ziggurat |
| 4:54 | Acolyte |
| 5:25 | Ziggurat |
| 5:36 | Halls of the Dead |
| 5:57 | Crypt Fiend |
| 6:19 | Nerubian Tower |
| 6:39 | Death Coil |
| 6:57 | Necropolis |
| 7:03 | Crypt Fiend |
| 7:12 | Creature Attack |
| 7:12 | Improved Creature Attack |
| 8:21 | Burrow |
| 8:40 | Scroll of Town Portal |
| 8:41 | Ritual Dagger |
| 8:44 | Rod of Necromancy |
| 8:55 | Black Citadel |
| 8:58 | Acolyte |
| 8:59 | Acolyte |
| 8:59 | Acolyte |
| 9:23 | Unholy Aura |
| 9:27 | Frost Nova |
| 9:31 | Ziggurat |
| 9:33 | Ziggurat |
| 9:38 | Slaughterhouse |
| 9:48 | Potion of Healing |
| 9:48 | Potion of Mana |
| 9:55 | Slaughterhouse |
| 10:51 | Obsidian Statue |
| 10:53 | Scroll of Town Portal |
| 11:12 | Obsidian Statue |
| 11:14 | Rod of Necromancy |
| 11:22 | Destroyer Form |
| 11:28 | Boneyard |
| 12:17 | Orb of Corruption |
| 12:29 | Boneyard |
| 12:45 | Ziggurat |
| 12:57 | Cleaving Attack |
| 14:16 | Scroll of Town Portal |
| 14:29 | Frost Wyrm |
| 15:19 | Frost Wyrm |
| Select group | 835 |
| Right click | 741 |
| Select | 520 |
| Misc. action | 127 |
| Build/train/purchase | 106 |
| Use ability | 43 |
| Assign group | 33 |
| Minimap ping | 5 |
| Item give/drop | 2 |


| Lesser Clarity Potion | 2 | 140 |
| Tiny Great Hall | 1 | 600 |
| Scroll of Speed | 1 | 50 |
| Healing Salve | 1 | 100 |
| Scroll of Town Portal | 1 | 350 |
| total: | 6 | 1240g |
| Peon | 7 | 525 | / | 0 |
| Troll Headhunter | 12 | 1680 | / | 240 |
| Demolisher | 1 | 220 | / | 50 |
| Troll Berserker | 2 | 280 | / | 40 |
| Troll Batrider | 4 | 640 | / | 160 |
| Goblin Shredder | 1 | 375 | / | 100 |
| total: | 27 | 3720g | / | 590w |
| Orc Burrow | 4 | 640 | / | 160 |
| War Mill | 2 | 410 | / | 0 |
| Barracks | 2 | 360 | / | 100 |
| Altar of Storms | 1 | 180 | / | 50 |
| Voodoo Lounge | 1 | 130 | / | 30 |
| Beastiary | 4 | 580 | / | 560 |
| Stronghold | 1 | 315 | / | 190 |
| Fortress | 1 | 325 | / | 190 |
| total: | 14 | 2300g | / | 900w |
| 0:01 | Peon |
| 0:02 | Peon |
| 0:16 | Orc Burrow |
| 0:20 | Peon |
| 0:29 | Peon |
| 0:32 | War Mill |
| 0:48 | Barracks |
| 1:02 | Altar of Storms |
| 1:06 | Peon |
| 1:17 | Peon |
| 1:35 | Peon |
| 1:39 | Orc Burrow |
| 1:50 | Troll Headhunter |
| 2:06 | Troll Headhunter |
| 2:31 | Barracks |
| 2:36 | Troll Headhunter |
| 2:55 | Troll Headhunter |
| 3:02 | Feral Spirit |
| 3:18 | Troll Headhunter |
| 3:21 | Orc Burrow |
| 3:35 | Troll Headhunter |
| 4:04 | Chain Lighting |
| 4:14 | Troll Headhunter |
| 4:41 | Stronghold |
| 4:53 | Troll Headhunter |
| 4:56 | Feral Spirit |
| 5:05 | Troll Headhunter |
| 5:20 | Troll Headhunter |
| 5:59 | Orc Burrow |
| 6:01 | Steel Ranged Weapons |
| 6:01 | Steel Armor |
| 6:35 | Voodoo Lounge |
| 6:39 | Chain Lighting |
| 7:05 | Fortress |
| 7:45 | Troll Headhunter |
| 8:00 | Troll Headhunter |
| 8:29 | Thorium Ranged Weapons |
| 8:29 | Thorium Armor |
| 8:48 | Troll Regeneration |
| 8:51 | War Mill |
| 9:23 | Demolisher |
| 9:29 | Berserker Upgrade |
| 9:40 | Lesser Clarity Potion |
| 9:42 | Lesser Clarity Potion |
| 9:51 | Burning Oil |
| 10:17 | Feral Spirit |
| 10:59 | Troll Berserker |
| 11:40 | Tiny Great Hall |
| 11:59 | Endurance Aura |
| 12:03 | Beastiary |
| 12:18 | Goblin Shredder |
| 12:36 | Scroll of Speed |
| 12:38 | Healing Salve |
| 12:49 | Beastiary |
| 14:12 | Arcanite Armor |
| 14:15 | Beastiary |
| 14:18 | Beastiary |
| 14:34 | Scroll of Town Portal |
| 15:25 | Troll Batrider |
| 15:25 | Troll Batrider |
| 15:47 | Troll Batrider |
| 15:51 | Troll Berserker |
| 16:07 | Troll Batrider |
| Right click | 688 |
| Select group | 561 |
| Select | 382 |
| Build/train/purchase | 77 |
| Assign group | 36 |
| Misc. action | 34 |
| Use ability | 17 |
| Minimap ping | 4 |
| Item give/drop | 2 |


| Lesser Clarity Potion | 2 | 140 |
| Moonstone | 1 | 50 |
| Potion of Healing | 1 | 150 |
| Staff of Preservation | 1 | 150 |
| Scroll of Healing | 2 | 500 |
| Scroll of Town Portal | 1 | 350 |
| Potion of Lesser Invulnerability | 4 | 600 |
| Staff of Teleportation | 1 | 150 |
| total: | 13 | 2090g |
| Wisp | 34 | 2040 | / | 0 |
| Archer | 13 | 1690 | / | 130 |
| Hippogryph | 9 | 1440 | / | 180 |
| total: | 56 | 5170g | / | 310w |
| Ancient Protector | 1 | 135 | / | 80 |
| Altar of Elders | 1 | 180 | / | 50 |
| Moon Well | 8 | 1440 | / | 320 |
| Ancient of War | 2 | 300 | / | 120 |
| Ancient of Wonders | 1 | 90 | / | 30 |
| Tree of Life | 1 | 340 | / | 185 |
| Hunter's Hall | 1 | 210 | / | 100 |
| Ancient of Wind | 2 | 300 | / | 280 |
| Tree of Ages | 2 | 640 | / | 360 |
| Tree of Eternity | 3 | 990 | / | 600 |
| total: | 17 | 2995g | / | 1165w |
| 0:03 | Wisp |
| 0:08 | Altar of Elders |
| 0:11 | Wisp |
| 0:14 | Moon Well |
| 0:19 | Wisp |
| 0:26 | Ancient of War |
| 0:31 | Wisp |
| 0:48 | Wisp |
| 1:01 | Wisp |
| 1:08 | Wisp |
| 1:22 | Wisp |
| 1:27 | Archer |
| 1:35 | Moon Well |
| 1:40 | Wisp |
| 1:49 | Wisp |
| 2:00 | Ancient of War |
| 2:03 | Archer |
| 2:03 | Archer |
| 2:08 | Force of Nature |
| 2:33 | Wisp |
| 2:33 | Wisp |
| 2:47 | Wisp |
| 2:48 | Ancient of Wonders |
| 3:04 | Archer |
| 3:04 | Archer |
| 3:37 | Tree of Life |
| 3:48 | Archer |
| 3:50 | Wisp |
| 3:50 | Wisp |
| 4:33 | Archer |
| 4:38 | Moon Well |
| 4:48 | Entangling Roots |
| 5:04 | Tree of Ages |
| 5:06 | Lesser Clarity Potion |
| 5:14 | Hunter's Hall |
| 5:41 | Archer |
| 5:56 | Archer |
| 5:59 | Moon Well |
| 6:12 | Archer |
| 6:58 | Archer |
| 6:58 | Archer |
| 7:07 | Ancient Protector |
| 7:24 | Lesser Clarity Potion |
| 7:24 | Moonstone |
| 7:27 | Entangling Roots |
| 7:40 | Wisp |
| 7:40 | Wisp |
| 7:40 | Wisp |
| 7:44 | Strength of the Moon |
| 8:46 | Wisp |
| 8:46 | Wisp |
| 8:46 | Wisp |
| 8:48 | Ancient of Wind |
| 8:57 | Trueshot Aura |
| 9:24 | Scroll of Healing |
| 9:24 | Scroll of Healing |
| 9:31 | Potion of Lesser Invulnerability |
| 9:31 | Potion of Lesser Invulnerability |
| 9:31 | Potion of Lesser Invulnerability |
| 9:31 | Scroll of Town Portal |
| 9:32 | Staff of Teleportation |
| 9:38 | Wisp |
| 9:38 | Wisp |
| 9:38 | Wisp |
| 9:40 | Wisp |
| 9:40 | Wisp |
| 9:40 | Wisp |
| 9:41 | Wisp |
| 9:59 | Ancient of Wind |
| 10:03 | Wisp |
| 10:03 | Wisp |
| 10:03 | Wisp |
| 10:14 | Improved Strength of the Moon |
| 10:18 | Wisp |
| 10:18 | Wisp |
| 10:39 | Improved Bows |
| 10:41 | Wisp |
| 10:43 | Searing Arrows |
| 10:58 | Moon Well |
| 11:00 | Moon Well |
| 11:01 | Moon Armor |
| 11:29 | Force of Nature |
| 11:51 | Hippogryph |
| 11:51 | Hippogryph |
| 11:53 | Moon Well |
| 11:57 | Hippogryph |
| 12:17 | Potion of Healing |
| 12:18 | Staff of Preservation |
| 12:24 | Hippogryph |
| 12:36 | Potion of Lesser Invulnerability |
| 12:44 | Hippogryph |
| 12:49 | Moon Well |
| 13:11 | Hippogryph |
| 13:35 | Hippogryph |
| 13:55 | Hippogryph |
| 14:10 | Archer |
| 14:17 | Trueshot Aura |
| 14:25 | Tree of Eternity |
| 14:48 | Hippogryph |
| Right click | 799 |
| Select group | 446 |
| Select | 310 |
| Assign group | 152 |
| Build/train/purchase | 131 |
| Use ability | 31 |
| Esc | 5 |
| Resource trade | 5 |
| Misc. action | 3 |
| Item give/drop | 3 |
| Minimap ping | 2 |

| Lesser Clarity Potion | 1 | 70 |
| Moonstone | 2 | 100 |
| Potion of Healing | 3 | 450 |
| Orb of Venom | 1 | 325 |
| Scroll of Town Portal | 2 | 700 |
| Potion of Lesser Invulnerability | 1 | 150 |
| total: | 10 | 1795g |
| Wisp | 34 | 2040 | / | 0 |
| Archer | 2 | 260 | / | 20 |
| Dryad | 3 | 435 | / | 180 |
| Druid of the Claw | 1 | 255 | / | 80 |
| Ice Troll Berserker | 2 | 490 | / | 60 |
| total: | 42 | 3480g | / | 340w |
| Ancient Protector | 5 | 675 | / | 400 |
| Altar of Elders | 1 | 180 | / | 50 |
| Moon Well | 6 | 1080 | / | 240 |
| Ancient of War | 2 | 300 | / | 120 |
| Ancient of Wonders | 1 | 90 | / | 30 |
| Hunter's Hall | 1 | 210 | / | 100 |
| Tree of Life | 1 | 340 | / | 185 |
| Ancient of Lore | 4 | 620 | / | 580 |
| Tree of Ages | 1 | 320 | / | 180 |
| Tree of Eternity | 1 | 330 | / | 200 |
| total: | 21 | 3495g | / | 1705w |
| 0:03 | Wisp |
| 0:03 | Wisp |
| 0:20 | Altar of Elders |
| 0:25 | Wisp |
| 0:33 | Moon Well |
| 0:43 | Wisp |
| 0:50 | Wisp |
| 0:55 | Ancient of War |
| 1:00 | Wisp |
| 1:01 | Wisp |
| 1:21 | Moon Well |
| 1:28 | Wisp |
| 1:29 | Wisp |
| 1:47 | Moon Well |
| 1:57 | Archer |
| 2:04 | Wisp |
| 2:11 | Archer |
| 2:23 | Shadow Strike |
| 2:28 | Ancient of Wonders |
| 2:29 | Wisp |
| 3:38 | Tree of Ages |
| 3:41 | Ice Troll Berserker |
| 3:57 | Blink |
| 4:13 | Hunter's Hall |
| 5:03 | Shadow Strike |
| 6:39 | Ancient of Lore |
| 6:40 | Ancient of Lore |
| 7:36 | Wisp |
| 7:36 | Wisp |
| 7:36 | Wisp |
| 7:36 | Wisp |
| 7:47 | Ancient Protector |
| 7:49 | Ancient Protector |
| 7:51 | Ancient Protector |
| 7:54 | Tree of Life |
| 7:58 | Ancient Protector |
| 8:19 | Ancient Protector |
| 8:22 | Wisp |
| 8:22 | Wisp |
| 8:26 | Ancient of War |
| 8:34 | Ice Troll Berserker |
| 8:36 | Blink |
| 8:48 | Scroll of Town Portal |
| 8:49 | Lesser Clarity Potion |
| 8:56 | Abolish Magic |
| 9:05 | Wisp |
| 9:05 | Wisp |
| 9:05 | Wisp |
| 10:00 | Moon Well |
| 10:02 | Tree of Eternity |
| 10:04 | Moonstone |
| 10:14 | Potion of Healing |
| 10:16 | Scroll of Town Portal |
| 10:16 | Potion of Healing |
| 10:25 | Moon Well |
| 10:28 | Wisp |
| 10:28 | Wisp |
| 10:28 | Wisp |
| 10:28 | Wisp |
| 10:30 | Wisp |
| 10:44 | Dryad |
| 10:53 | Dryad |
| 11:58 | Moon Well |
| 12:00 | Strength of the Wild |
| 12:00 | Reinforced Hides |
| 12:02 | Dryad |
| 12:15 | Moonstone |
| 12:24 | Druid of the Claw Adept Training |
| 12:27 | Druid of the Claw |
| 12:29 | Wisp |
| 12:29 | Wisp |
| 12:47 | Orb of Venom |
| 12:53 | Potion of Healing |
| 13:47 | Wisp |
| 13:47 | Wisp |
| 13:47 | Wisp |
| 13:48 | Wisp |
| 14:07 | Ancient of Lore |
| 14:09 | Ancient of Lore |
| 14:11 | Improved Strength of the Wild |
| 14:11 | Improved Reinforced Hides |
| 14:33 | Potion of Lesser Invulnerability |
| 14:35 | Shadow Strike |
| 15:28 | Wisp |
| 15:29 | Wisp |
| 15:29 | Wisp |
| Right click | 390 |
| Select | 390 |
| Build/train/purchase | 82 |
| Use ability | 37 |
| Minimap ping | 20 |
| Item give/drop | 3 |
| Remove unit | 2 |
| Misc. action | 1 |
130 units @ 17.3k
/ 2.1k
74 buildings @ 11.2k
/ 4.6k


| Lesser Clarity Potion | 1 | 70 |
| Potion of Mana | 1 | 200 |
| Scroll of Town Portal | 2 | 700 |
| Scroll of Healing | 1 | 250 |
| Potion of Lesser Invulnerability | 1 | 150 |
| Khadgar's Pipe of Insight | 1 | 500 |
| total: | 7 | 1870g |
| Peasant | 14 | 1050 | / | 0 |
| Footman | 17 | 2295 | / | 0 |
| Gryphon Rider | 5 | 1400 | / | 350 |
| total: | 36 | 4745g | / | 350w |
| Farm | 11 | 880 | / | 220 |
| Barracks | 1 | 160 | / | 60 |
| Altar of Kings | 1 | 180 | / | 50 |
| Arcane Vault | 1 | 130 | / | 30 |
| Lumber Mill | 1 | 120 | / | 0 |
| Town Hall | 1 | 385 | / | 205 |
| Blacksmith | 1 | 140 | / | 60 |
| Gryphon Aviary | 3 | 420 | / | 450 |
| Keep | 1 | 320 | / | 210 |
| Castle | 1 | 360 | / | 210 |
| total: | 20 | 2415g | / | 1075w |
| 0:04 | Peasant |
| 0:04 | Peasant |
| 0:20 | Farm |
| 0:23 | Barracks |
| 0:27 | Peasant |
| 0:27 | Peasant |
| 0:36 | Altar of Kings |
| 0:52 | Peasant |
| 0:52 | Peasant |
| 1:13 | Farm |
| 1:22 | Peasant |
| 1:22 | Peasant |
| 1:37 | Footman |
| 1:52 | Farm |
| 2:02 | Footman |
| 2:14 | Arcane Vault |
| 2:27 | Lumber Mill |
| 2:43 | Farm |
| 2:55 | Storm Bolt |
| 2:59 | Footman |
| 3:11 | Footman |
| 3:14 | Peasant |
| 3:39 | Footman |
| 4:09 | Improved Lumber Harvesting |
| 4:18 | Thunder Clap |
| 4:42 | Town Hall |
| 4:54 | Keep |
| 5:17 | Footman |
| 5:30 | Footman |
| 5:42 | Storm Bolt |
| 5:59 | Farm |
| 6:05 | Peasant |
| 6:06 | Peasant |
| 6:06 | Peasant |
| 6:11 | Farm |
| 6:13 | Farm |
| 6:20 | Blacksmith |
| 6:39 | Footman |
| 6:58 | Footman |
| 7:00 | Footman |
| 7:08 | Footman |
| 7:10 | Farm |
| 7:27 | Footman |
| 7:27 | Footman |
| 7:36 | Footman |
| 7:57 | Castle |
| 8:14 | Gryphon Aviary |
| 8:22 | Peasant |
| 8:22 | Peasant |
| 8:23 | Farm |
| 8:45 | Gryphon Aviary |
| 8:57 | Holy Light |
| 9:05 | Gryphon Aviary |
| 9:14 | Scroll of Town Portal |
| 9:14 | Lesser Clarity Potion |
| 9:15 | Potion of Mana |
| 9:28 | Farm |
| 9:45 | Scroll of Town Portal |
| 9:45 | Potion of Lesser Invulnerability |
| 9:46 | Scroll of Healing |
| 9:57 | Footman |
| 9:57 | Footman |
| 9:57 | Footman |
| 10:26 | Gryphon Rider |
| 10:58 | Thunder Clap |
| 11:04 | Farm |
| 11:07 | Iron Forged Swords |
| 11:08 | Studded Leather Armor |
| 11:43 | Gryphon Rider |
| 12:08 | Devotion Aura |
| 12:08 | Devotion Aura |
| 12:19 | Khadgar's Pipe of Insight |
| 12:40 | Storm Hammers |
| 12:43 | Animal War Training |
| 13:27 | Gryphon Rider |
| 14:12 | Holy Light |
| 14:30 | Gryphon Rider |
| 16:00 | Storm Bolt |
| 16:02 | Gryphon Rider |
| 16:08 | Devotion Aura |
| Right click | 975 |
| Select group | 647 |
| Select | 316 |
| Misc. action | 221 |
| Build/train/purchase | 82 |
| Assign group | 36 |
| Use ability | 30 |
| Chat | 21 |
| Minimap ping | 10 |
| Item give/drop | 1 |



| Rod of Necromancy | 2 | 300 |
| Potion of Healing | 4 | 600 |
| Potion of Mana | 4 | 800 |
| Scroll of Town Portal | 2 | 700 |
| total: | 12 | 2400g |
| Acolyte | 10 | 750 | / | 0 |
| Ghoul | 6 | 720 | / | 0 |
| Crypt Fiend | 5 | 1075 | / | 200 |
| Frost Wyrm | 1 | 385 | / | 120 |
| total: | 22 | 2930g | / | 320w |
| Spirit Tower | 4 | 580 | / | 160 |
| Nerubian Tower | 3 | 300 | / | 60 |
| Graveyard | 1 | 215 | / | 0 |
| Altar of Darkness | 2 | 360 | / | 100 |
| Ziggurat | 10 | 1500 | / | 500 |
| Crypt | 3 | 600 | / | 150 |
| Tomb of Relics | 1 | 130 | / | 30 |
| Necropolis | 1 | 225 | / | 0 |
| Sacrificial Pit | 1 | 75 | / | 150 |
| Boneyard | 2 | 350 | / | 400 |
| Halls of the Dead | 1 | 320 | / | 210 |
| Black Citadel | 1 | 325 | / | 230 |
| total: | 21 | 3455g | / | 1330w |
| 0:04 | Acolyte |
| 0:04 | Acolyte |
| 0:13 | Graveyard |
| 0:16 | Altar of Darkness |
| 0:24 | Altar of Darkness |
| 0:37 | Ziggurat |
| 0:58 | Crypt |
| 1:09 | Crypt |
| 1:31 | Tomb of Relics |
| 1:34 | Acolyte |
| 1:50 | Ziggurat |
| 2:11 | Crypt |
| 2:20 | Ghoul |
| 2:23 | Ghoul |
| 2:28 | Carrion Beetles |
| 2:38 | Ghoul |
| 2:49 | Rod of Necromancy |
| 3:06 | Ghoul |
| 3:48 | Halls of the Dead |
| 3:51 | Ghoul |
| 4:23 | Ghoul |
| 4:42 | Impale |
| 5:03 | Crypt Fiend |
| 5:12 | Necropolis |
| 5:48 | Spirit Tower |
| 5:57 | Nerubian Tower |
| 6:03 | Creature Carapace |
| 6:06 | Rod of Necromancy |
| 6:18 | Potion of Healing |
| 6:19 | Potion of Mana |
| 6:22 | Potion of Healing |
| 6:46 | Ziggurat |
| 6:47 | Ziggurat |
| 7:20 | Spiked Carapace |
| 7:49 | Crypt Fiend |
| 8:24 | Improved Creature Carapace |
| 8:24 | Creature Attack |
| 8:27 | Death Coil |
| 8:31 | Potion of Mana |
| 8:43 | Acolyte |
| 8:43 | Acolyte |
| 9:00 | Ziggurat |
| 9:04 | Acolyte |
| 9:26 | Web |
| 9:39 | Black Citadel |
| 9:57 | Ziggurat |
| 10:00 | Ziggurat |
| 10:02 | Acolyte |
| 10:08 | Scroll of Town Portal |
| 10:24 | Nerubian Tower |
| 10:40 | Crypt Fiend |
| 10:46 | Acolyte |
| 10:55 | Ziggurat |
| 10:57 | Ziggurat |
| 10:58 | Ziggurat |
| 11:06 | Improved Creature Attack |
| 11:24 | Sacrificial Pit |
| 11:46 | Crypt Fiend |
| 11:48 | Unholy Aura |
| 11:51 | Spirit Tower |
| 11:52 | Spirit Tower |
| 12:26 | Boneyard |
| 12:26 | Boneyard |
| 12:32 | Impale |
| 12:39 | Advanced Creature Carapace |
| 13:04 | Potion of Mana |
| 13:05 | Potion of Mana |
| 13:06 | Potion of Healing |
| 13:10 | Frost Nova |
| 13:15 | Death Coil |
| 13:26 | Spirit Tower |
| 14:11 | Scroll of Town Portal |
| 14:12 | Potion of Healing |
| 14:23 | Freezing Breath |
| 14:27 | Acolyte |
| 14:27 | Acolyte |
| 15:22 | Frost Wyrm |
| 15:38 | Crypt Fiend |
| 15:54 | Frost Armor |
| 16:03 | Advanced Creature Attack |
| Right click | 895 |
| Select group | 391 |
| Select | 226 |
| Build/train/purchase | 102 |
| Assign group | 42 |
| Use ability | 19 |
| Chat | 15 |
| Minimap ping | 14 |
| Item give/drop | 4 |


| Healing Salve | 9 | 900 |
| Scroll of Speed | 1 | 50 |
| Scroll of Town Portal | 1 | 350 |
| Circlet of Nobility | 1 | 175 |
| total: | 12 | 1475g |
| Peon | 12 | 900 | / | 0 |
| Troll Headhunter | 18 | 2520 | / | 360 |
| Shaman | 3 | 390 | / | 60 |
| Demolisher | 2 | 440 | / | 100 |
| Goblin Shredder | 1 | 375 | / | 100 |
| total: | 36 | 4625g | / | 620w |
| Altar of Storms | 1 | 180 | / | 50 |
| Orc Burrow | 9 | 1440 | / | 360 |
| War Mill | 1 | 205 | / | 0 |
| Barracks | 1 | 180 | / | 50 |
| Voodoo Lounge | 1 | 130 | / | 30 |
| Spirit Lodge | 2 | 300 | / | 300 |
| Stronghold | 2 | 630 | / | 380 |
| Fortress | 2 | 650 | / | 380 |
| total: | 15 | 2435g | / | 790w |
| 0:05 | Peon |
| 0:05 | Peon |
| 0:12 | Altar of Storms |
| 0:22 | Orc Burrow |
| 0:23 | Peon |
| 0:39 | Peon |
| 0:53 | War Mill |
| 0:57 | Peon |
| 0:57 | Peon |
| 1:06 | Barracks |
| 1:24 | Peon |
| 1:24 | Peon |
| 1:24 | Peon |
| 1:28 | Peon |
| 1:39 | Peon |
| 1:54 | Orc Burrow |
| 1:56 | Orc Burrow |
| 2:09 | Troll Headhunter |
| 2:18 | Voodoo Lounge |
| 2:20 | Endurance Aura |
| 2:28 | Troll Headhunter |
| 2:29 | Troll Headhunter |
| 2:29 | Troll Headhunter |
| 2:40 | Troll Headhunter |
| 2:40 | Troll Headhunter |
| 2:59 | Peon |
| 3:06 | Troll Headhunter |
| 3:06 | Troll Headhunter |
| 3:20 | Troll Headhunter |
| 3:21 | Troll Headhunter |
| 3:33 | Troll Headhunter |
| 3:39 | Healing Salve |
| 3:46 | Healing Salve |
| 3:53 | Troll Headhunter |
| 3:53 | Troll Headhunter |
| 4:22 | War Stomp |
| 4:25 | Stronghold |
| 4:43 | Orc Burrow |
| 5:21 | Endurance Aura |
| 5:30 | Healing Salve |
| 5:30 | Healing Salve |
| 5:35 | Steel Ranged Weapons |
| 6:11 | Orc Burrow |
| 6:30 | Orc Burrow |
| 6:40 | Goblin Shredder |
| 6:50 | Troll Regeneration |
| 7:00 | Healing Salve |
| 7:00 | Healing Salve |
| 7:25 | Troll Headhunter |
| 7:25 | Troll Headhunter |
| 7:40 | War Stomp |
| 7:46 | Fortress |
| 8:10 | Troll Headhunter |
| 8:10 | Troll Headhunter |
| 8:31 | Troll Headhunter |
| 9:15 | Thorium Ranged Weapons |
| 9:18 | Spirit Lodge |
| 9:20 | Spirit Lodge |
| 9:48 | Orc Burrow |
| 10:07 | Circlet of Nobility |
| 10:10 | Berserker Upgrade |
| 10:13 | Steel Armor |
| 10:26 | Orc Burrow |
| 10:53 | Shaman Adept Training |
| 10:53 | Shaman |
| 10:59 | Arcanite Ranged Weapons |
| 11:05 | Orc Burrow |
| 11:58 | Shaman Master Training |
| 11:58 | Shaman |
| 12:16 | War Stomp |
| 12:40 | Thorium Armor |
| 13:05 | Shaman |
| 13:18 | Demolisher |
| 13:18 | Demolisher |
| 13:38 | Healing Wave |
| 13:44 | Healing Salve |
| 13:44 | Healing Salve |
| 13:44 | Healing Salve |
| 13:45 | Scroll of Speed |
| 14:20 | Scroll of Town Portal |
| Right click | 741 |
| Select | 450 |
| Select group | 336 |
| Build/train/purchase | 104 |
| Misc. action | 85 |
| Assign group | 39 |
| Use ability | 23 |
| Resource trade | 23 |
| Chat | 15 |
| Esc | 3 |
| Minimap ping | 3 |
| Item give/drop | 1 |


| Healing Salve | 3 | 300 |
| Scroll of Speed | 3 | 150 |
| Lesser Clarity Potion | 5 | 350 |
| Potion of Healing | 2 | 300 |
| Potion of Mana | 3 | 600 |
| Orb of Lightning | 1 | 375 |
| Scroll of Town Portal | 2 | 700 |
| Scroll of Healing | 2 | 500 |
| Boots of Speed | 1 | 250 |
| Potion of Lesser Invulnerability | 1 | 150 |
| total: | 23 | 3675g |
| Peon | 16 | 1200 | / | 0 |
| Troll Headhunter | 8 | 1120 | / | 160 |
| Troll Berserker | 1 | 140 | / | 20 |
| Wind Rider | 1 | 265 | / | 40 |
| Troll Batrider | 4 | 640 | / | 160 |
| Spirit Walker | 2 | 390 | / | 70 |
| Troll Witch Doctor | 1 | 145 | / | 25 |
| Goblin Shredder | 3 | 1125 | / | 300 |
| total: | 36 | 5025g | / | 775w |
| Watch Tower | 3 | 330 | / | 240 |
| Altar of Storms | 1 | 180 | / | 50 |
| Orc Burrow | 4 | 640 | / | 160 |
| War Mill | 1 | 205 | / | 0 |
| Barracks | 2 | 360 | / | 100 |
| Voodoo Lounge | 2 | 260 | / | 60 |
| Great Hall | 1 | 385 | / | 185 |
| Beastiary | 2 | 290 | / | 280 |
| Spirit Lodge | 1 | 150 | / | 150 |
| Tauren Totem | 1 | 135 | / | 155 |
| Stronghold | 2 | 630 | / | 380 |
| Fortress | 3 | 975 | / | 570 |
| total: | 18 | 2935g | / | 1380w |
| 0:02 | Peon |
| 0:02 | Peon |
| 0:19 | Altar of Storms |
| 0:34 | Orc Burrow |
| 0:38 | Peon |
| 0:52 | Peon |
| 0:56 | War Mill |
| 0:59 | Peon |
| 1:12 | Barracks |
| 1:16 | Peon |
| 1:28 | Peon |
| 1:40 | Peon |
| 1:55 | Orc Burrow |
| 2:03 | Peon |
| 2:11 | Voodoo Lounge |
| 2:20 | Troll Headhunter |
| 2:20 | Troll Headhunter |
| 2:31 | War Stomp |
| 3:06 | Troll Headhunter |
| 3:18 | Endurance Aura |
| 3:29 | Troll Headhunter |
| 3:32 | Healing Salve |
| 4:00 | Troll Headhunter |
| 4:04 | Stronghold |
| 4:22 | Troll Headhunter |
| 4:44 | Watch Tower |
| 5:02 | Orc Burrow |
| 5:07 | Healing Salve |
| 5:10 | Scroll of Speed |
| 5:11 | Lesser Clarity Potion |
| 5:15 | War Stomp |
| 5:28 | Steel Ranged Weapons |
| 5:29 | Thorium Ranged Weapons |
| 6:08 | Troll Headhunter |
| 6:11 | Great Hall |
| 6:14 | Watch Tower |
| 7:01 | Troll Regeneration |
| 7:02 | Fortress |
| 7:36 | Troll Headhunter |
| 8:08 | Potion of Healing |
| 8:09 | Scroll of Town Portal |
| 8:12 | Potion of Mana |
| 9:06 | Peon |
| 9:06 | Peon |
| 9:06 | Peon |
| 9:39 | Reinforced Defenses |
| 9:54 | Peon |
| 9:54 | Peon |
| 9:57 | Peon |
| 10:03 | Healing Salve |
| 10:04 | Lesser Clarity Potion |
| 10:06 | Scroll of Speed |
| 10:08 | Lesser Clarity Potion |
| 10:26 | Healing Wave |
| 10:29 | Orb of Lightning |
| 10:38 | Voodoo Lounge |
| 10:45 | Berserker Upgrade |
| 11:00 | Barracks |
| 11:01 | Beastiary |
| 11:41 | Endurance Aura |
| 11:53 | Troll Berserker |
| 11:59 | Beastiary |
| 12:01 | Spirit Lodge |
| 12:12 | Tauren Totem |
| 12:17 | Orc Burrow |
| 12:18 | Peon |
| 12:21 | Lesser Clarity Potion |
| 12:22 | Potion of Mana |
| 12:32 | Arcanite Ranged Weapons |
| 12:37 | Scroll of Speed |
| 12:40 | Potion of Healing |
| 12:47 | Potion of Mana |
| 12:47 | Lesser Clarity Potion |
| 13:14 | Envenomed Spears |
| 13:15 | Steel Armor |
| 14:12 | Watch Tower |
| 14:19 | Goblin Shredder |
| 14:20 | Goblin Shredder |
| 14:20 | Goblin Shredder |
| 14:30 | Scroll of Town Portal |
| 14:30 | Boots of Speed |
| 14:36 | Scroll of Healing |
| 14:38 | Potion of Lesser Invulnerability |
| 14:38 | Scroll of Healing |
| 15:02 | Wind Rider |
| 15:09 | Troll Batrider |
| 15:09 | Troll Batrider |
| 15:39 | Hex |
| 15:47 | Troll Batrider |
| 16:07 | Troll Batrider |
| 16:10 | Spirit Walker |
| 16:10 | Spirit Walker |
| 16:12 | Witch Doctor Adept Training |
| 16:12 | Troll Witch Doctor |
| 16:15 | War Stomp |
| 16:19 | Liquid Fire |
| Right click | 692 |
| Select group | 615 |
| Select | 249 |
| Chat | 179 |
| Build/train/purchase | 155 |
| Misc. action | 57 |
| Assign group | 37 |
| Use ability | 27 |
| Minimap ping | 8 |
| Esc | 3 |
| Item give/drop | 1 |
⇛